 Dungeon Crawl Stone Soup version 0.29-a0-414-g5075937ec3 (webtiles) character file.

Game seed: 2295796830137938301

22906 croobank the Covert (level 13, -1/154 HPs)
             Began as a Gnoll Delver on May 15, 2022.
             Was an Initiate of Gozag.
             Slain by an eight-headed hydra (20 damage)
             ... on level 5 of the Lair of Beasts on May 16, 2022.
             The game lasted 01:26:12 (17005 turns).

croobank the Covert (Gnoll Delver)                 Turns: 17005, Time: 01:26:25

Health: -1/154     AC: 16    Str: 13    XL:     13   Next: 3%
Magic:  18/33      EV: 18    Int: 20    God:    Gozag
Gold:   1219       SH:  0    Dex: 20    Spells: 1/27 levels left

rFire   . . .      SeeInvis .   A - +9 quarterstaff (chaos)
rCold   . . .      Faith    .   (shield currently unavailable)
rNeg    . . .      Spirit   .   T - +3 leather armour
rPois   +          Reflect  .   d - +2 helmet
rElec   .          Harm     .   I - +1 cloak
rCorr   .          Rampage  .   E - +2 pair of gloves
Will    .....      NoTele   +   (no boots)
Stlth   ..........              t - amulet "Cosom" {-Tele rPois Regen+ Int+7}
HPRegen 1.15/turn               j - +6 ring of dexterity
MPRegen 0.23/turn               K - ring of magical power

@: berserking, gold aura, very quick
A: fangs 1, strong nose, distributed training
a: Renounce Religion, Potion Petition, Call Merchant, Bribe Branch


You were on level 5 of the Lair of Beasts.
You worshipped Gozag.
Gozag was most pleased with you.
You visited 3 branches of the dungeon, and saw 15 of its levels.

You collected 2210 gold pieces.
You spent 679 gold pieces at shops.
You paid 312 gold pieces to Gozag.

Inventory:

Hand Weapons
 a - the +8 war axe of Toaxziqo {protect, rPois Int+5 Dex-5}
   (You bought it in a shop on level 4 of the Dungeon)

   It grants its wielder temporary protection when it strikes (+7 to AC).
   Int:       It affects your intelligence (+5).
   Dex:       It affects your dexterity (-5).
   rPois:     It protects you from poison.
 A - a +9 quarterstaff of chaos (weapon)
 D - a +1 short sword of protection
 Y - a +2 vorpal shortbow
Missiles
 e - 30 poisoned darts
 o - 412 stones
 C - 5 throwing nets
 S - 6 curare-tipped darts
 V - 3 boomerangs
Armour
 d - a +2 helmet (worn)
 f - the +2 cloak of Sloth {-Tele rN+++ Regen+ SInv}
   (You found it on level 1 of the Lair of Beasts)

   rN:        It renders you almost immune to negative energy.
   SInv:      It lets you see invisible.
   -Tele:     It prevents most forms of teleportation.
   Regen:     It increases your rate of health regeneration.
 i - a +0 robe of positive energy
 z - a +2 leather armour of cold resistance
 E - a +2 pair of gloves (worn)
 I - a +1 cloak (worn)
 T - a +3 leather armour (worn)
 W - a scarf of invisibility
Magical Staves
 s - a staff of air
 F - a staff of death
Jewellery
 j - a +6 ring of dexterity (left hand)
 t - the amulet "Cosom" (around neck) {-Tele rPois Regen+ Int+7}
   (You acquired it on level 2 of the Lair of Beasts)

   [amulet of regeneration]

   Int:       It affects your intelligence (+7).
   rPois:     It protects you from poison.
   -Tele:     It prevents most forms of teleportation.
   Regen:     It increases your rate of health regeneration.
 B - an amulet of magic regeneration
 H - a ring of positive energy
 K - a ring of magical power (right hand)
 L - an amulet of magic regeneration
Wands
 b - a wand of charming (4)
 g - a wand of digging (9)
 G - a wand of acid (4) (quivered)
 M - a wand of flame (35)
 O - a wand of polymorph (4)
 P - a wand of paralysis (6)
Scrolls
 c - 7 scrolls of fog
 l - 11 scrolls of teleportation
 m - 6 scrolls of blinking
 p - 2 scrolls of fear
 q - 3 scrolls of poison
 y - 2 scrolls of vulnerability
 R - 3 scrolls of silence {unknown}
 U - a scroll of magic mapping
 X - 2 scrolls of immolation {unknown}
 Z - a scroll of identify
Potions
 h - 4 potions of cancellation
 k - 2 potions of flight {unknown}
 n - a potion of magic
 r - 2 potions of might
 u - a potion of haste
 v - 2 potions of curing
 w - 2 potions of ambrosia
 x - 2 potions of invisibility
 J - a potion of brilliance
 N - a potion of heal wounds
 Q - a potion of lignification {unknown}


   Skills:
 + Level 10.3 Fighting
 + Level 7.8 Short Blades
 + Level 7.8 Long Blades
 + Level 9.2 Axes
 + Level 7.8 Maces & Flails
 + Level 7.8 Polearms
 + Level 7.8 Staves
 + Level 7.8 Slings
 + Level 7.8 Bows
 + Level 7.8 Crossbows
 + Level 7.8 Throwing
 + Level 7.8 Armour
 + Level 9.2 Dodging
 + Level 12.3 Stealth
 + Level 7.8 Shields
 + Level 7.8 Unarmed Combat
 + Level 7.8 Spellcasting
 + Level 6.5 Conjurations
 + Level 6.5 Hexes
 + Level 6.5 Summonings
 + Level 6.5 Necromancy
 + Level 6.5 Translocations
 + Level 6.5 Transmutations
 + Level 6.5 Fire Magic
 + Level 6.5 Ice Magic
 + Level 6.5 Air Magic
 + Level 6.5 Earth Magic
 + Level 6.5 Poison Magic
 + Level 8.6 Invocations
 + Level 7.8 Evocations


You had one spell level left.
You knew the following spells:

 Your Spells              Type           Power      Damage    Failure   Level
a - Poisonous Vapours     Pois/Air       68%        N/A       1%          2
b - Fulminant Prism       Conj/Hex       17%        3d11      7%          4
c - Ozocubu's Armour      Ice            34%        N/A       2%          3
d - Ozocubu's Refrigerat  Ice            17%        4d8       99%         7
e - Magic Dart            Conj           100%       1d8       1%          1
f - Teleport Other        Tloc           34%        N/A       2%          3
g - Metabolic Englaciati  Hex/Ice        17%        N/A       21%         5
h - Apportation           Tloc           68%        N/A       1%          1

Your spell library contained the following spells:

 Spells                   Type           Power      Damage    Failure   Level
 Animate Skeleton         Necr           68%        N/A       1%          1
 Pain                     Necr           100%       1d9       1%          1
 Summon Small Mammal      Summ           100%       N/A       1%          1
 Call Imp                 Summ           34%        N/A       1%          2
 Corpse Rot               Necr/Air       68%        N/A       1%          2
 Searing Ray              Conj           68%        2d6       1%          2
 Gell's Gravitas          Tloc           34%        N/A       2%          3
 Mephitic Cloud           Conj/Pois/Air  34%        N/A       2%          3
 Vampiric Draining        Necr           34%        2d8       2%          3
 Petrify                  Tmut/Erth      34%        N/A       7%          4
 Dispersal                Tloc           17%        N/A       73%         6
 Statue Form              Tmut/Erth      22%        N/A       73%         6


Dungeon Overview and Level Annotations

Branches:
Dungeon (9/15)             Temple (1/1) D:4            Lair (5/6) D:9
  Swamp (0/4) Lair:3       Spider (0/4) Lair:2
  Slime: Lair:5-6       Orc: D:9-12

Altars:
Ashenzari
Cheibriados
Dithmenos
Fedhas
Gozag
Hepliaklqana
Makhleb
Nemelex Xobeh
Qazlal
Ru
Sif Muna
Trog
Uskayaw
Vehumet
Wu Jian
Xom
Yredelemnul
Zin
The Shining One

Shops:
D:4 *   D:7 ?

Annotations:
Lair:5 exclusion: 2 oklob plants


Innate Abilities, Weirdness & Mutations

You have very sharp teeth.
Your uncanny sense of smell can sniff out nearby items.
Your experience applies equally to all skills.


Message History

* * * LOW HITPOINT WARNING * * *
The eight-headed hydra bites you.
* * * LOW HITPOINT WARNING * * *
The eight-headed hydra bites you but does no damage.
The eight-headed hydra barely misses you.
The eight-headed hydra closely misses you. [a] - 720 gold - haste, brilliance and resistance [b] - 552 gold - haste, resistance and brilliance [c] - 250 gold - heal wounds and berserk rage Purchase which effect?
You feel much better.
A red film seems to cover your vision as you go berserk!
You feel yourself moving faster!
You feel mighty! The eight-headed hydra bites you! x3
* * * LOW HITPOINT WARNING * * *
The eight-headed hydra completely misses you.
The eight-headed hydra barely misses you. x2
The eight-headed hydra completely misses you.
The eight-headed hydra misses you.
You sock the eight-headed hydra! You drain the eight-headed hydra.
You bite the eight-headed hydra!
The eight-headed hydra is severely wounded.
The eight-headed hydra bites you.
* * * LOW HITPOINT WARNING * * *
The eight-headed hydra misses you. The eight-headed hydra bites you!
* * * LOW HITPOINT WARNING * * *
The eight-headed hydra bites you.
* * * LOW HITPOINT WARNING * * *
The eight-headed hydra bites you but does no damage.
The eight-headed hydra bites you.
* * * LOW HITPOINT WARNING * * *
The eight-headed hydra bites you but does no damage. x2
The boggart gestures wildly while chanting.
You thump the eight-headed hydra! You bite the eight-headed hydra!
The eight-headed hydra is severely wounded.
The eight-headed hydra misses you.
The eight-headed hydra barely misses you.
The eight-headed hydra bites you!!
You die...
Your body crumbles into a pile of gold.

∆ . /. i.?
♣♣D. ♣F.
♣♣g♣ ♣D♣ ♣
♣♣@♣ .♣ ♣.♣♣
♣♣.♣ ♣♣.♣
..♣ ♣.♣♣
♣♣♣♣♣♣♣.♣
♣♣.♣
♣♣...♣♣..♣
♣.♣♣
♣♣.♣♣.♣).♣
♣.♣
♣.♣♣♣♣.♣.♣♣♣
♣.♣♣♣♣.♣
♣♣♣...♣♣♣♣
♣...♣♣.♣
♣♣.♣.♣.♣♣


You could see an eight-headed hydra (berserk, corroded, drained), a bullfrog
(summoned) and a boggart (slow).

Vanquished Creatures
  Snorg (Lair:3)
  2 hydras
  7 death yaks
  3 black mambas
  6 cane toads
  6 komodo dragons
  A rime drake (Lair:2)
  A burning bush (Lair:2)
  2 polar bears (Lair:3)
  Grinder (D:5)
  9 blink frogs
  2 hornets (Lair:5)
  2 jumping spiders (Lair:2)
  Sigmund (D:5)
  11 spriggans (Lair:5)
  A culicivora (Lair:2)
  2 basilisks (Lair:1)
  Eustachio (D:5)
  A yak (Lair:2)
  2 wyverns
  4 humans (D:6)
  3 steam dragons
  Menkaure (D:5)
  9 water moccasins
  2 sky beasts
  A black bear (D:8)
  A boggart (Lair:5)
  An orc warrior (D:7)
  3 centaurs (D:9)
  An ogre (D:3)
  3 wolves (Lair:3)
  A phantom (D:5)
  3 kobold brigands
  2 necrophages (D:4)
  22 bullfrogs
  A gnoll sergeant (D:8)
  A scorpion (D:6)
  2 wights (D:9)
  9 killer bees
  A howler monkey (D:5)
  2 jellies
  2 gnoll shamans
  3 orc priests
  6 hounds
  Crazy Yiuf (D:2)
  Jessica (D:3)
  An iguana (D:4)
  4 orc wizards
  9 gnolls
  13 adders
  A shadow imp (D:8)
  An ufetubus (D:4)
  2 worms
  A dart slug (D:5)
  27 orcs
  4 endoplasms
  3 giant cockroaches (D:3)
  6 goblins
  6 hobgoblins
  2 jackals (D:3)
  24 kobolds
  4 quokkas
  3 ball pythons
  2 bats (D:3)
  2 frilled lizards
  5 rats
268 creatures vanquished.

Vanquished Creatures (collateral kills)
  2 yaks (Lair:2)
2 creatures vanquished.

Vanquished Creatures (others)
  A quokka (D:3)
  6 fulminant prisms
  31 fungi
  18 plants
56 creatures vanquished.

Grand Total: 326 creatures vanquished

Notes
Turn   | Place    | Note
-------+----------+-------------------------------------------
     0 | D:5      | Reached skill level 9 in Stealth
     0 | D:5      | croobank the Gnoll Delver began the quest for the Orb.
     0 | D:5      | Reached XP level 1. HP: 23/23 MP: 1/1
    50 | D:5      | Noticed a hound
    66 | D:5      | Noticed a hound
   204 | D:5      | Noticed a gnoll shaman
   247 | D:5      | Noticed a hound
   248 | D:5      | Noticed Eustachio
   305 | D:4      | Reached XP level 2. HP: 14/29 MP: 2/2
   559 | D:4      | Found Fipty's Assorted Antiques.
   581 | D:3      | Found a hazy altar of Hepliaklqana.
   608 | D:3      | Reached XP level 3. HP: 35/35 MP: 3/3
   857 | D:3      | Noticed an ogre
   929 | D:3      | Reached skill level 1 in Invocations
  1021 | D:2      | Learned a level 2 spell: Poisonous Vapours
  1167 | D:2      | Reached skill level 1 in Short Blades
  1167 | D:2      | Reached skill level 1 in Long Blades
  1167 | D:2      | Reached skill level 1 in Maces & Flails
  1167 | D:2      | Reached skill level 1 in Polearms
  1167 | D:2      | Reached skill level 1 in Staves
  1167 | D:2      | Reached skill level 1 in Slings
  1167 | D:2      | Reached skill level 1 in Bows
  1167 | D:2      | Reached skill level 1 in Crossbows
  1167 | D:2      | Reached skill level 1 in Throwing
  1167 | D:2      | Reached skill level 1 in Armour
  1167 | D:2      | Reached skill level 1 in Shields
  1167 | D:2      | Reached skill level 1 in Unarmed Combat
  1167 | D:2      | Reached skill level 1 in Spellcasting
  1167 | D:2      | Reached skill level 1 in Evocations
  1167 | D:2      | Reached XP level 4. HP: 28/41 MP: 5/5
  2673 | D:2      | Reached skill level 1 in Conjurations
  2673 | D:2      | Reached skill level 1 in Hexes
  2673 | D:2      | Reached skill level 1 in Summonings
  2673 | D:2      | Reached skill level 1 in Necromancy
  2673 | D:2      | Reached skill level 1 in Translocations
  2673 | D:2      | Reached skill level 1 in Transmutations
  2673 | D:2      | Reached skill level 1 in Fire Magic
  2673 | D:2      | Reached skill level 1 in Ice Magic
  2673 | D:2      | Reached skill level 1 in Air Magic
  2673 | D:2      | Reached skill level 1 in Earth Magic
  2673 | D:2      | Reached skill level 1 in Poison Magic
  3255 | D:2      | Found a runed translucent door.
  3256 | D:2      | Noticed Crazy Yiuf
  3263 | D:2      | Killed Crazy Yiuf
  3264 | D:2      | Reached XP level 5. HP: 47/47 MP: 6/6
  3528 | D:3      | Found a shimmering altar of Xom.
  3715 | D:3      | Noticed Jessica
  3722 | D:3      | Killed Jessica
  3733 | D:3      | Got Jessica's Compendium of Necromancy
  3804 | D:3      | Found an ornate altar of the Wu Jian Council.
  3920 | D:3      | Killed an ogre
  3921 | D:3      | Reached XP level 6. HP: 29/53 MP: 8/8
  4214 | D:4      | Reached skill level 5 in Axes
  4214 | D:4      | Reached skill level 5 in Dodging
  4480 | D:4      | Found a staircase to the Ecumenical Temple.
  4498 | Temple   | Entered the Ecumenical Temple
  4532 | Temple   | Became a worshipper of Gozag Ym Sagoz the Greedy
  4616 | D:4      | Reached XP level 7. HP: 46/60 MP: 10/10
  5365 | D:4      | Reached skill level 10 in Stealth
  5533 | D:5      | Noticed Grinder
  5701 | D:5      | Reached XP level 8. HP: 51/67 MP: 12/12
  5774 | D:4      | Bought an iridescent war axe for 229 gold pieces
  5774 | D:4      | Identified the +8 war axe of Toaxziqo {protect, rPois Int+5
                  | Dex-5} (You bought it in a shop on level 4 of the Dungeon)
  5843 | D:5      | Paralysed by Grinder for 2 turns
  5845 | D:5      | Killed Grinder
  6129 | D:5      | Noticed Menkaure
  6136 | D:5      | Killed Menkaure
  6270 | D:5      | Killed Eustachio
  6317 | D:5      | Noticed Sigmund
  6330 | D:5      | Killed Sigmund
  6331 | D:5      | Reached XP level 9. HP: 72/72 MP: 12/14
  6338 | D:5      | Learned a level 4 spell: Fulminant Prism
  7550 | D:7      | Reached skill level 5 in Invocations
  7697 | D:7      | Found Muttunesk's Magic Scroll Shoppe.
  7873 | D:7      | Bought 3 scrolls of blinking for 225 gold pieces
  7873 | D:7      | Bought a scroll of blinking for 75 gold pieces
  7940 | D:7      | Reached XP level 10. HP: 64/80 MP: 17/17
  8047 | D:7      | Found a stormy altar of Qazlal.
  8306 | D:7      | Bought 2 scrolls of enchant weapon for 150 gold pieces
  8713 | D:8      | Reached skill level 5 in Short Blades
  8713 | D:8      | Reached skill level 5 in Long Blades
  8713 | D:8      | Reached skill level 5 in Maces & Flails
  8713 | D:8      | Reached skill level 5 in Polearms
  8713 | D:8      | Reached skill level 5 in Staves
  8713 | D:8      | Reached skill level 5 in Slings
  8713 | D:8      | Reached skill level 5 in Bows
  8713 | D:8      | Reached skill level 5 in Crossbows
  8713 | D:8      | Reached skill level 5 in Throwing
  8713 | D:8      | Reached skill level 5 in Armour
  8713 | D:8      | Reached skill level 5 in Shields
  8713 | D:8      | Reached skill level 5 in Unarmed Combat
  8713 | D:8      | Reached skill level 5 in Spellcasting
  8713 | D:8      | Reached skill level 5 in Evocations
  9492 | D:9      | Found a staircase to the Lair.
  9519 | D:9      | Learned a level 3 spell: Ozocubu's Armour
  9527 | D:9      | Learned a level 7 spell: Ozocubu's Refrigeration
  9529 | D:9      | Learned a level 1 spell: Magic Dart
  9539 | Lair:1   | Entered Level 1 of the Lair of Beasts
  9566 | Lair:1   | Noticed a cane toad
  9568 | Lair:2   | Noticed a cane toad
  9904 | Lair:1   | Killed a cane toad
  9905 | Lair:1   | Reached skill level 11 in Stealth
 10966 | Lair:1   | Learned a level 3 spell: Teleport Other
 11046 | Lair:1   | Reached XP level 11. HP: 61/87 MP: 19/19
 11267 | Lair:1   | Identified the +2 cloak of Sloth {-Tele rN+++ Regen+ SInv}
 11835 | Lair:2   | Reached skill level 5 in Conjurations
 11835 | Lair:2   | Reached skill level 5 in Hexes
 11835 | Lair:2   | Reached skill level 5 in Summonings
 11835 | Lair:2   | Reached skill level 5 in Necromancy
 11835 | Lair:2   | Reached skill level 5 in Translocations
 11835 | Lair:2   | Reached skill level 5 in Transmutations
 11835 | Lair:2   | Reached skill level 5 in Fire Magic
 11835 | Lair:2   | Reached skill level 5 in Ice Magic
 11835 | Lair:2   | Reached skill level 5 in Air Magic
 11835 | Lair:2   | Reached skill level 5 in Earth Magic
 11835 | Lair:2   | Reached skill level 5 in Poison Magic
 12870 | Lair:2   | Noticed a death yak
 13116 | Lair:2   | Noticed a five-headed hydra
 13131 | Lair:2   | Killed a five-headed hydra
 13516 | Lair:2   | Identified a scroll of acquirement
 13516 | Lair:2   | Acquired the amulet "Cosom" {-Tele rPois Regen+ Int+7}
 13647 | Lair:2   | Found a hole to the Spider Nest.
 13766 | Lair:2   | Noticed a death yak
 13775 | Lair:2   | Noticed a death yak
 13778 | Lair:2   | Noticed a death yak
 13782 | Lair:2   | Killed a death yak
 14040 | Lair:2   | Killed a death yak
 14041 | Lair:2   | Reached XP level 12. HP: 36/96 MP: 22/22
 14119 | Lair:2   | Killed a death yak
 14135 | Lair:2   | Killed a death yak
 14261 | Lair:3   | Noticed a five-headed hydra
 14276 | Lair:3   | Killed a five-headed hydra
 14311 | Lair:3   | Noticed Snorg
 14318 | Lair:3   | Killed Snorg
 14486 | Lair:3   | Learned a level 5 spell: Metabolic Englaciation
 14810 | Lair:3   | Found a staircase to the Swamp.
 15088 | Lair:4   | Reached skill level 12 in Stealth
 15396 | Lair:4   | Reached skill level 10 in Fighting
 16178 | Lair:5   | Noticed a death yak
 16185 | Lair:5   | Noticed a death yak
 16573 | Lair:5   | Noticed a death yak
 16645 | Lair:5   | Found a blossoming altar of Fedhas.
 16651 | Lair:5   | Learned a level 1 spell: Apportation
 16806 | Lair:5   | Killed a death yak
 16818 | Lair:5   | Killed a death yak
 16826 | Lair:5   | Killed a death yak
 16827 | Lair:5   | Reached XP level 13. HP: 45/103 MP: 1/24
 17005 | Lair:5   | Slain by an eight-headed hydra

Illustrated notes

Levels and vault maps discovered:
D:1:      mrwooster_arrival_arrow, layout_basic
D:2:      layout_loops_corners, uniq_crazy_yiuf_cottage
D:3:      minmay_razor_zed, layout_rooms, pdpol_wu_jian_five_deadly_venoms,
          overflow_temple_1_default, old_standard_altar,
          kennysheep_jessica_study
D:4:      layout_basic, minmay_temple_entry_junction_2, nicolae_stop_n_shop_2,
          minmay_pentomino_pile
D:5:      layout_basic, uniq_menkaure, uniq_eustachio, uniq_sigmund,
          uniq_grinder
D:6:      layout_rooms, minmay_ruffians
D:7:      layout_rooms, nicolae_overflow_crystal_walls, serial_shops,
          nicolae_shop_window_shopping
D:8:      layout_rooms
D:9:      layout_big_octagon, lair_entry_dummy, hiddenorc1_lemuel,
          ebering_ghost_reflecting_pool
Temple:   compressed_dpeg_circular_temple
Lair:1:   layout_chaotic_city, cheibrodos_lair_reptile_den
Lair:2:   layout_regular_city, spider_nest_entry_funnel_web,
          gauntlet_entry_generic, chequers_serial_rivers_micro_c,
          evilmike_ambush [evilmike_ambush_outer_basic,
          evilmike_ambush_inner_basic], lemuel_fruit_tree
Lair:3:   layout_chaotic_city, swamp_mist_pool, serial_bayou_pond_d, uniq_snorg
Lair:4:   layout_regular_city, serial_bayou_shore_b
Lair:5:   kb_forest_paths, layout_gridlike, nicolae_slime_entry_slimehenge,
          enter_volcano_3, hangedman_tree_tricks

Skill      XL: |  1  2  3  4  5  6  7  8  9 10 11 12 |
---------------+-------------------------------------+-----
Stealth        | 10 11 12 | 12.3
Invocations    | 1 2 3 4 5 6 7 8 |  8.6
Short Blades   | 1 2 3 4 5 6 7 |  7.8
Long Blades    | 1 2 3 4 5 6 7 |  7.8
Maces & Flails | 1 2 3 4 5 6 7 |  7.8
Polearms       | 1 2 3 4 5 6 7 |  7.8
Staves         | 1 2 3 4 5 6 7 |  7.8
Slings         | 1 2 3 4 5 6 7 |  7.8
Bows           | 1 2 3 4 5 6 7 |  7.8
Crossbows      | 1 2 3 4 5 6 7 |  7.8
Throwing       | 1 2 3 4 5 6 7 |  7.8
Armour         | 1 2 3 4 5 6 7 |  7.8
Shields        | 1 2 3 4 5 6 7 |  7.8
Unarmed Combat | 1 2 3 4 5 6 7 |  7.8
Spellcasting   | 1 2 3 4 5 6 7 |  7.8
Evocations     | 1 2 3 4 5 6 7 |  7.8
Conjurations   | 1 2 3 4 5 6 |  6.5
Hexes          | 1 2 3 4 5 6 |  6.5
Summonings     | 1 2 3 4 5 6 |  6.5
Necromancy     | 1 2 3 4 5 6 |  6.5
Translocations | 1 2 3 4 5 6 |  6.5
Transmutations | 1 2 3 4 5 6 |  6.5
Fire Magic     | 1 2 3 4 5 6 |  6.5
Ice Magic      | 1 2 3 4 5 6 |  6.5
Air Magic      | 1 2 3 4 5 6 |  6.5
Earth Magic    | 1 2 3 4 5 6 |  6.5
Poison Magic   | 1 2 3 4 5 6 |  6.5
Axes           | 5 6 7 8 9 |  9.2
Dodging        | 5 6 7 8 9 |  9.2
Fighting       | 7 8 9 10 | 10.3

Action                   |  1- 3 |  4- 6 |  7- 9 | 10-12 | 13-15 || total
-------------------------+-------+-------+-------+-------+-------++-------
Melee: Hand axe          |    83 |    48 |       |       |       ||   131
       Bite              |     8 |    13 |    24 |    56 |     2 ||   103
       Punch             |     1 |     1 |     4 |     3 |       ||     9
       Short sword       |       |    17 |       |       |       ||    17
       Quarterstaff      |       |    68 |    48 |   363 |     5 ||   484
       War axe           |       |       |   170 |    86 |       ||   256
Throw: Dart              |     3 |       |       |       |       ||     3
 Cast: Poisonous Vapours |       |       |    40 |    97 |     1 ||   138
       Ozocubu's Armour  |       |       |       |     3 |       ||     3
       Magic Dart        |       |       |       |     4 |       ||     4
       Fulminant Prism   |       |       |       |     6 |       ||     6
       Teleport Other    |       |       |       |     3 |       ||     3
       Metabolic Englaci |       |       |       |    23 |     3 ||    26
       Apportation       |       |       |       |     5 |       ||     5
Invok: Potion Petition   |       |       |       |       |     1 ||     1
Evoke: Wand              |       |       |       |    21 |     1 ||    22
  Use: Potion            |     4 |       |       |     4 |       ||     8
       Scroll            |     2 |     6 |     1 |    20 |       ||    29
 Stab: Sleeping          |     2 |    22 |     4 |     3 |       ||    31
       Petrified         |       |       |     6 |       |       ||     6
       Distracted        |       |       |     5 |     3 |       ||     8
       Paralysed         |       |       |       |     9 |       ||     9
Armor: Leather armour    |    18 |       |    17 |   178 |     8 ||   221
       Ring mail         |    12 |    32 |    55 |       |       ||    99
Dodge: Dodged            |    80 |    70 |   161 |   429 |    20 ||   760

Table legend: (Time is in decaauts)
 A = Elapsed time spent in this place.
 B = Non-inter-level travel time spent in this place.
 C = Inter-level travel time spent in this place.
 D = Time resting spent in this place.
 E = Time spent auto-exploring this place.
 F = Levels seen in this place.
 G = Mean time per level.
                   A        B        C        D        E       F      G
               +--------+--------+--------+--------+--------+-----+--------+
         Total |  17063 |  16541 |    522 |   4007 |   8313 |  15 | 1137.5 |
       Dungeon |   9540 |   9172 |    368 |   1581 |   5080 |   9 | 1060.0 |
        Temple |     67 |     34 |     33 |      0 |     18 |   1 |   67.0 |
          Lair |   7455 |   7334 |    121 |   2426 |   3215 |   5 | 1491.0 |
               +--------+--------+--------+--------+--------+-----+--------+

Top non-repeatable levels by time:
  Lair:1: 2940 daAuts
  Lair:2: 1773 daAuts
     D:4: 1558 daAuts
     D:2: 1354 daAuts
     D:3: 1345 daAuts
     D:5: 1258 daAuts
     D:6: 1039 daAuts
  Lair:5: 994 daAuts
     D:1: 958 daAuts
  Lair:4: 918 daAuts
     D:7: 912 daAuts
  Lair:3: 828 daAuts
     D:8: 670 daAuts
     D:9: 443 daAuts
  Temple: 67 daAuts
